Map: Лед и хром РВ

Players

Dobro - Winner!

  • Race: Terran Terran
  • League: Master
  • Spawn Location: 1:00

FFiR

  • Race: Protoss Protoss
  • League: Master
  • Spawn Location: 7:00

VOD

Have the link to the VOD?

Description

Time

  • Played on: Sept. 7, 2020, 12:25 p.m.
  • Length: 11:42
Show
View Real Time Build Order
Export as new Build Order

Dobro Terran - Winner!

Build Orders: 2 Factory 

Get SALT Encoding   

  12  0:00  SCV  
  13  0:12  SCV  
  14  0:17  Supply Depot  
  14  0:24  SCV  
  15  0:28  Refinery  
  15  0:38  SCV  
  16  0:44  Barracks  
  16  0:51  SCV  
  17  1:03  SCV  
  18  1:15  SCV  
  19  1:31  Orbital Command  
  19  1:41  Command Center  
  19  1:44  Barracks Reactor  
  19  1:53  Factory  
  19  1:58  SCV  
  20  2:04  Refinery  
  20  2:10  SCV  
  21  2:18  Supply Depot  
  22  2:27  SCV  
  22  2:32  Barracks Tech Lab  
  22  2:40  Factory  
  22  2:43  Hellion x2  
  26  2:45  SCV  
  27  2:54  Orbital Command  
  27  2:57  SCV  
  28  3:05  Hellion  
  30  3:06  Hellion  
  30  3:11  SCV  
  33  3:21  SCV  
  33  3:24  SCV  
  35  3:32  Mag-Field Accelerator  
  35  3:33  SCV  
  35  3:34  Cyclone  
  39  3:35  Widow Mine  
  39  3:36  SCV  
  39  3:38  Widow Mine  
  39  3:41  Supply Depot  
  44  3:45  SCV  
  43  4:03  SCV x2  
  43  4:04  Widow Mine x2  
  43  4:06  Cyclone  
  50  4:16  SCV  
  47  4:18  Factory  
  47  4:20  SCV, Refinery  
  47  4:22  Refinery  
  48  4:26  Command Center  
  48  4:36  Widow Mine x2  
  52  4:39  Armory  
  52  4:42  SCV x2  
  52  5:11  Barracks Tech Lab, Factory Tech Lab  
  52  5:14  SCV x2  
  54  5:27  Supply Depot x2  
  54  5:28  Terran Vehicle And Ship Armor Level 1  
  54  5:29  Supply Depot  
  54  5:30  Supply Depot  
  54  5:38  SCV x2, Cyclone, Widow Mine x2  
  56  5:50  SCV  
  55  5:59  SCV  
  55  6:00  Orbital Command  
  55  6:03  Drilling Claws, Factory  
  54  6:05  Cyclone  
  54  6:06  SCV, Widow Mine x2  
  54  6:10  Cyclone  
  65  6:11  SCV  
  65  6:16  Refinery  
  66  6:19  Supply Depot  
  66  6:20  Refinery  
  66  6:21  SCV  
  66  6:23  SCV  
  68  6:33  SCV, Hellion  
  68  6:34  Hellion  
  68  6:36  SCV  
  68  6:37  Cyclone  
  77  6:41  Armory  
  77  6:45  SCV  
  77  6:46  Orbital Command  
  68  6:48  SCV  
  67  6:58  Cyclone  
  67  6:59  Hellion x2  
  67  7:00  Factory Tech Lab  
  74  7:01  Factory  
  74  7:09  Cyclone  
  74  7:10  SCV x2  
  74  7:15  Factory  
  79  7:17  SCV  
  79  7:20  Hellion  
  79  7:21  Hellion  
  79  7:22  SCV x2  
  86  7:24  Cyclone  
  86  7:25  Terran Vehicle And Ship Armor Level 2  
  86  7:29  SCV  
  86  7:34  SCV  
  87  7:43  Cyclone x2  
  93  7:46  SCV x2  
  95  7:55  Terran Vehicle Weapons Level 1  
  95  7:57  Cyclone  
  98  7:58  Command Center  
  94  8:07  Cyclone  
  94  8:08  Factory Tech Lab  
  94  8:09  SCV x3  
  94  8:11  Hellion x2  
  100  8:15  Cyclone  
  103  8:21  SCV  
  103  8:24  Cyclone  
  103  8:25  Hellion  
  109  8:28  Supply Depot x2  
  109  8:29  Supply Depot  
  109  8:43  Supply Depot  
  109  8:44  Supply Depot  
  109  8:48  Widow Mine  
  109  8:49  SCV x2, Cyclone, Widow Mine  
  109  8:50  Smart Servos, Hellion  
  109  8:51  Infernal Pre-Igniter  
  109  8:53  Factory  
  112  8:56  SCV  
  112  9:01  SCV x2  
  115  9:08  SCV, Cyclone x2  
  122  9:10  Hellion  
  122  9:11  Cyclone, Widow Mine  
  122  9:16  Refinery  
  126  9:20  SCV x3  
  126  9:21  Orbital Command  
  129  9:24  Refinery  
  129  9:33  SCV  
  129  9:34  SCV x2  
  129  9:36  Cyclone  
  129  9:37  Widow Mine x2  
  139  9:39  Factory Reactor  
  139  9:45  SCV  
  140  9:46  SCV  
  140  9:51  Widow Mine x2  
  140  9:52  Widow Mine x2  
  144  10:13  Cyclone x2  
  144  10:14  Cyclone x2  
  153  10:15  Widow Mine x2  
  151  10:25  Cyclone  
  151  10:26  Widow Mine x2  
  155  10:30  SCV  
  155  10:31  SCV x3  
  153  10:36  Widow Mine x2  
  157  10:43  Command Center  
  157  10:45  Cyclone  
  157  10:46  Cyclone  
  143  11:02  Cyclone x3  
  143  11:03  Widow Mine x2  
  156  11:04  SCV x3  
  149  11:21  Command Center  
Show
View Real Time Build Order
Export as new Build Order

FFiR Protoss 

Build Orders: 1 Gate Expand 

Get SALT Encoding   

  12  0:00  Probe  
  13  0:12  Probe  
  14  0:17  Pylon  
  14  0:24  Probe (Chrono Boost)  
  16  0:36  Probe (Chrono Boost)  
  16  0:37  Gateway  
  16  0:42  Probe (Chrono Boost)  
  16  0:46  Assimilator  
  17  0:51  Probe  
  18  1:03  Probe  
  19  1:15  Probe  
  20  1:23  Cybernetics Core  
  20  1:34  Nexus  
  20  1:37  Probe  
  21  1:42  Pylon  
  21  1:47  Assimilator  
  21  1:49  Probe  
  22  1:58  Stalker (Chrono Boost)  
  24  2:01  Probe  
  24  2:03  Warp Gate  
  25  2:13  Probe  
  26  2:20  Stalker  
  28  2:26  Probe  
  29  2:38  Robotics Facility, Probe (Chrono Boost)  
  30  2:46  Probe (Chrono Boost)  
  30  2:51  Probe (Chrono Boost)  
  32  2:55  Probe (Chrono Boost)  
  32  2:57  Probe (Chrono Boost)  
  34  3:00  Gateway  
  34  3:01  Gateway  
  34  3:04  Probe x2  
  36  3:15  Shield Battery  
  36  3:16  Probe x2  
  38  3:22  Pylon  
  38  3:25  Observer (Chrono Boost)  
  39  3:28  Probe x2  
  41  3:35  Assimilator  
  41  3:37  Assimilator  
  41  3:40  Probe x2, Observer (Chrono Boost)  
  43  3:44  Robotics Bay  
  44  3:52  Probe  
  40  3:58  Stalker x2  
  38  4:06  Stalker  
  38  4:09  Probe x2  
  38  4:21  Probe (Chrono Boost)  
  40  4:24  Probe (Chrono Boost)  
  40  4:33  Stalker  
  40  4:34  Probe (Chrono Boost)  
  40  4:38  Probe (Chrono Boost)  
  44  4:39  Probe (Chrono Boost)  
  44  4:44  Pylon  
  45  4:46  Probe (Chrono Boost)  
  47  4:54  Probe (Chrono Boost)  
  47  4:55  Probe (Chrono Boost)  
  48  5:05  Pylon  
  45  5:07  Observer (Chrono Boost)  
  45  5:09  Probe x2  
  48  5:17  Stalker x2  
  48  5:21  Probe, Observer (Chrono Boost)  
  52  5:23  Pylon  
  54  5:28  Pylon  
  54  5:31  Stalker  
  56  5:36  Twilight Council  
  52  5:55  Stalker  
  53  6:01  Colossus  
  53  6:03  Probe (Chrono Boost)  
  60  6:07  Nexus  
  60  6:10  Pylon, Probe (Chrono Boost)  
  61  6:13  Probe (Chrono Boost)  
  61  6:17  Probe (Chrono Boost)  
  63  6:23  Stalker x2, Probe (Chrono Boost)  
  68  6:27  Probe (Chrono Boost)  
  68  6:31  Probe (Chrono Boost)  
  70  6:33  Pylon  
  70  6:47  Blink (Chrono Boost)  
  70  6:48  Pylon  
  70  6:49  Probe x2  
  70  6:52  Sentry x2  
  76  7:01  Probe x2  
  78  7:03  Colossus (Chrono Boost)  
  84  7:10  Pylon  
  84  7:12  Stalker  
  84  7:14  Probe x2  
  88  7:18  Assimilator  
  88  7:21  Stalker  
  90  7:26  Pylon, Probe  
  87  7:35  Stalker x2  
  85  7:48  Probe (Chrono Boost)  
  85  7:50  Shield Battery  
  85  7:51  Stalker  
  90  7:55  Probe x2 (Chrono Boost)  
  90  7:56  Gateway  
  90  7:57  Gateway, Probe (Chrono Boost)  
  90  8:06  Pylon, Stalker x2  
  90  8:09  Probe x2  
  90  8:12  Probe  
  93  8:21  Probe, Disruptor (Chrono Boost)  
  97  8:28  Stalker  
  97  8:32  Charge (Chrono Boost)  
  99  8:35  Nexus  
  99  8:39  Probe  
  100  8:45  Pylon, Sentry x2  
  104  8:53  Colossus (Chrono Boost)  
  107  9:00  Zealot  
  112  9:12  Probe x2  
  114  9:21  Nexus  
  114  9:22  Zealot x2  
  118  9:27  Forge  
  118  9:30  Pylon  
  118  9:32  Pylon  
  118  9:45  Colossus (Chrono Boost)  
  118  9:49  Pylon  
  118  9:50  Zealot x2  
  118  9:52  Zealot  
  130  9:57  Gateway  
  120  10:01  Gateway  
  117  10:10  Zealot x2  
  117  10:12  Zealot  
  101  10:28  Probe  
  100  10:29  Disruptor (Chrono Boost)  
  100  10:30  Stalker  
  100  10:35  Stalker x2  
  94  10:53  Zealot x4  
  88  11:01  Disruptor (Chrono Boost)  
  91  11:04  Zealot  
  91  11:05  Zealot  
  91  11:07  Probe x2  
  83  11:20  Gateway  
  83  11:21  Gateway  
  83  11:23  Zealot  
Tags
 
Add a new tag
Caveats
  • Supply blocks, unpowered buildings, or Contaminate may cause inaccurate times.
  • Supply counts are checked every 10 seconds.